 Dungeon Crawl Stone Soup version 0.30-a0-422-g946f4849ff (webtiles) character file.

Game seed: 8674986760772640788

167 lunkers the Slasher (level 6, 0/48 HPs)
             Began as a Meteoran Gladiator on Dec 8, 2022.
             Slain by a phantom (4 damage)
             ... on level 5 of the Dungeon on Dec 9, 2022.
             The game lasted 00:07:19 (1635 turns).

lunkers the Slasher (Meteoran Gladiator)            Turns: 1635, Time: 00:07:20

Health: 0/48       AC:  4    Str: 23    XL:     6   Next: 6%
Magic:  7/7        EV: 13    Int: 16    God:
Gold:   112        SH:  0    Dex: 16    Spells: 5/5 levels left

rFire   . . .      SeeInvis .    a - +0 long sword
rCold   . . .      Faith    .    (no shield)
rNeg    . . .      Spirit   .    b - +0 leather armour
rPois   .          Reflect  .    c - +0 helmet
rElec   .          Harm     .    (no cloak)
rCorr   .          Rampage  .    (no gloves)
Will    .....                    (no boots)
Stlth   +.........               (no amulet)
HPRegen 0.28/turn                i - +6 ring of strength
MPRegen 0.10/turn                n - +6 ring of intelligence

@: glowing
A: sense surroundings 1, otherworldly, glowing, explore regen
a: no special abilities


You were on level 5 of the Dungeon.
You visited 1 branch of the dungeon, and saw 5 of its levels.

You collected 112 gold pieces.

Inventory:

Hand Weapons
 a - a +0 long sword (weapon)
Missiles
 d - 3 throwing nets
 e - a javelin
Armour
 b - a +0 leather armour (worn)
 c - a +0 helmet (worn)
Jewellery
 i - a +6 ring of strength (left hand)
 n - a +6 ring of intelligence (right hand)
Wands
 v - a wand of light (10)
Scrolls
 j - 2 scrolls of identify
 o - 2 scrolls of blinking {unknown}
 p - a scroll of poison {unknown}
 q - a scroll of immolation {unknown}
 s - a scroll of silence {unknown}
 u - a scroll of fear {unknown}
Potions
 f - a potion of curing {unknown}
 g - a potion of brilliance {unknown}
 h - 2 potions of haste
 k - 2 potions of mutation
 l - a potion of degeneration {unknown}
 m - a potion of berserk rage {unknown}
 r - a potion of might {unknown}
 t - a potion of lignification {unknown}


   Skills:
 - Level 2.1 Fighting
 + Level 7.2 Long Blades
 - Level 2.4 Throwing
 - Level 3.6 Dodging


You had 5 spell levels left.
You didn't know any spells.
Your spell library contained the following spells:

 Spells                   Type           Power      Damage    Failure   Level
 Magic Dart               Conj           0%         1d3       28%         1
 Call Imp                 Summ           0%         N/A       41%         2
 Mephitic Cloud           Conj/Pois/Air  0%         N/A       65%         3


Dungeon Overview and Level Annotations

Branches:
Dungeon (5/15) Zot: 1339
 Temple: D:4-7

Altars:
Sif Muna
Wu Jian


Innate Abilities, Weirdness & Mutations

You passively map a small area around you.
You are easily found by Zot.
You glow in the dark.
You regain HP and MP as you explore.


Message History

You miss the phantom.
The phantom is moderately damaged.
The phantom completely misses you.
You hit the phantom.
The phantom is moderately damaged.
The phantom closely misses you.
You closely miss the phantom.
The phantom is moderately damaged.
The phantom misses you.
You hit the phantom but do no damage.
The phantom is moderately damaged.
The phantom hits you but does no damage.
You barely miss the phantom.
The phantom is moderately damaged.
You miss the phantom.
The phantom is moderately damaged.
The phantom hits you.
* * * LOW HITPOINT WARNING * * *
You closely miss the phantom.
The phantom is moderately damaged.
The phantom hits you.
* * * LOW HITPOINT WARNING * * *
The phantom blinks!
You blink.
The phantom attacks as you move away! The phantom barely misses you.
Found a scroll labelled HUNLAS KAGA.
You hit the phantom.
The phantom is heavily damaged.
The phantom hits you.
* * * LOW HITPOINT WARNING * * *
As you read the scroll labelled HUNLAS KAGA, it crumbles to dust.
It is a scroll of identify.
h - 2 potions of haste The phantom hits you but does no damage.
As you read the scroll of identify, it crumbles to dust.
k - 2 potions of mutation The phantom closely misses you.
Okay, then.
Okay, then.
The phantom attacks as you move away! The phantom hits you.
You die...

#.####..##.....#..#.#.
#..###.).##...... ,
#..###..<....#.## *
#..##............ ,
#................ #
##.≈.≈≈≈≈≈≈≈.#.## ...,
#.≈.......≈.#,* *
#..####.≈.###.#.≈.# *
#....@WW≈.#...# ≈.#.
,###..####W≈.#._.#.≈...*
..? #####.≈.#...#.≈.###
* #.*
..##.≈.#.###.≈..5.,
#.***#.##.≈.!.....≈..#*
#? ##.##O≈≈≈≈≈≈≈≈≈..#
#.#.###..$...5.........#
#.......#...####...####
###.###...### #...#.##


You could see 3 phantoms.

Vanquished Creatures
  A necrophage (D:5)
  3 adders
  A white imp (D:5)
  8 orcs
  6 ball pythons
  5 bats
  An endoplasm (D:3)
  2 giant cockroaches
  6 hobgoblins
  7 jackals (D:4)
  4 quokkas
  2 frilled lizards
  8 goblins
  4 kobolds
  5 rats
63 creatures vanquished.

Notes
Turn   | Place    | Note
-------+----------+-------------------------------------------
     0 | D:1      | lunkers the Meteoran Gladiator began the quest for the Orb.
     0 | D:1      | Reached XP level 1. HP: 17/17 MP: 2/2
   101 | D:1      | Reached skill level 4 in Long Blades
   104 | D:1      | Reached XP level 2. HP: 23/24 MP: 3/3
   292 | D:1      | Reached XP level 3. HP: 23/29 MP: 4/4
   428 | D:2      | Reached skill level 5 in Long Blades
   668 | D:3      | Reached XP level 4. HP: 16/36 MP: 5/5
   741 | D:3      | Found an ornate altar of the Wu Jian Council.
  1139 | D:4      | Reached skill level 6 in Long Blades
  1202 | D:4      | Reached XP level 5. HP: 41/41 MP: 6/6
  1475 | D:5      | Entered Level 5 of the Dungeon
  1554 | D:5      | Noticed a necrophage
  1569 | D:5      | Killed a necrophage
  1570 | D:5      | Reached skill level 7 in Long Blades
  1570 | D:5      | Reached XP level 6. HP: 29/48 MP: 7/7
  1588 | D:5      | Found a shimmering blue altar of Sif Muna.
  1593 | D:5      | Noticed an ogre
  1635 | D:5      | Slain by a phantom

Illustrated notes

Levels and vault maps discovered:
D:1:      dpeg_arrival_erosion, layout_basic, serial_forest,
          infiniplex_forest_clump_medium, infiniplex_forest_zigzag_2,
          infiniplex_forest_zigzag_2, infiniplex_forest_clump_small,
          infiniplex_forest_straight_2, shapermc_ecumenical_altar_mp_highgroup
D:2:      layout_loops_corners, uniq_crazy_yiuf_cottage
D:3:      layout_basic, mainiacjoe_overflow_chevrons
D:4:      layout_cave_pods, marbit_many_paths, uniq_grinder
D:5:      layout_loops_ring, mainiacjoe_overflow_brackets,
          kennysheep_small_circle

Skill      XL: |  1  2  3  4  5 |
---------------+----------------+-----
Long Blades    | 4 5 6 7 |  7.2
Fighting       | |  2.1
Throwing       | |  2.4
Dodging        | |  3.6

Action                   |  1- 3 |  4- 6 || total
-------------------------+-------+-------++-------
Melee: Long sword        |    93 |   124 ||   217
       Punch             |     1 |     1 ||     2
  Use: Scroll            |       |     2 ||     2
Armor: Leather armour    |    37 |    46 ||    83
Dodge: Dodged            |    56 |   106 ||   162

Table legend: (Time is in decaauts)
 A = Elapsed time spent in this place.
 B = Non-inter-level travel time spent in this place.
 C = Inter-level travel time spent in this place.
 D = Time resting spent in this place.
 E = Time spent auto-exploring this place.
 F = Levels seen in this place.
 G = Mean time per level.
                   A        B        C        D        E       F      G
               +--------+--------+--------+--------+--------+-----+--------+
         Total |   1660 |   1557 |    103 |      0 |   1055 |   5 |  332.0 |
       Dungeon |   1660 |   1557 |    103 |      0 |   1055 |   5 |  332.0 |
               +--------+--------+--------+--------+--------+-----+--------+

Top non-repeatable levels by time:
     D:4: 462 daAuts
     D:3: 420 daAuts
     D:1: 337 daAuts
     D:2: 278 daAuts
     D:5: 163 daAuts
